 Dungeon Crawl Stone Soup version 0.29-a0-961-gfab03dca74 (webtiles) character file.

Game seed: 6344108346069276662

61 Ajdolov the Chopper (level 4, -5/38 HPs)
             Began as a Ghoul Monk on July 30, 2022.
             Slain by a gnoll
             ... wielding a +0 flail
              (9 damage)
             ... on level 2 of the Dungeon.
             The game lasted 00:01:56 (1950 turns).

Ajdolov the Chopper (Ghoul Monk)                    Turns: 1950, Time: 00:01:56

Health: -5/38      AC:  8    Str: 16    XL:     4   Next: 7%
Magic:  3/3        EV:  7    Int:  5    God:
Gold:   104        SH:  0    Dex: 11    Spells: 3/3 levels left

rFire   . . .      SeeInvis .   a - +0 hand axe
rCold   + . .      Faith    .   (no shield)
rNeg    + + +      Spirit   .   g - +0 chain mail
rPois   ∞          Reflect  .   (no helmet)
rElec   .          Harm     .   (no cloak)
rCorr   .          Rampage  .   (no gloves)
Will    .....                   (no boots)
Stlth   ..........              (no amulet)
HPRegen 0.00/turn               (no ring)
MPRegen 0.08/turn               (no ring)

@: inhibited regen
A: claws 1, cold resistance 1, negative energy resistance 3, inhibited
regeneration, torment resistance 2, devour on kill
a: no special abilities


You were on level 2 of the Dungeon.
You visited 1 branch of the dungeon, and saw 2 of its levels.

You collected 104 gold pieces.

Inventory:

Hand Weapons
 a - a +0 hand axe (weapon)
Missiles
 d - 2 throwing nets (quivered)
Armour
 g - a +0 chain mail (worn)
Jewellery
 j - a ring of willpower
Scrolls
 e - a scroll of butterflies {unknown}
 h - a scroll of fear {unknown}
 i - a scroll of enchant armour {unknown}
Potions
 b - 2 potions of heal wounds {unknown}
 c - a potion of ambrosia
 f - a potion of cancellation {unknown}
 k - a potion of magic {unknown}


   Skills:
 - Level 3.2 Fighting
 * Level 4.4 Axes
 - Level 2.6 Dodging
 - Level 2.1 Stealth


You had 3 spell levels left.
You didn't know any spells.
Your spell library was empty.

Dungeon Overview and Level Annotations

Branches:
Dungeon (2/15)

Altars:


Innate Abilities, Weirdness & Mutations

You are immune to poison.
You have sharp fingernails.
Your flesh is cold resistant. (rC+)
You are immune to negative energy. (rN+++)
You do not regenerate when monsters are visible.
You are immune to unholy pain and torment.
You thrive by killing the living.


Message History

A gnoll comes into view. It is wielding a +0 spear.
You hit the gnoll.
The gnoll is lightly wounded.
The gnoll hits you with a +0 flail!
You closely miss the gnoll.
The gnoll is lightly wounded.
The gnoll hits you with a +0 flail.
You barely miss the gnoll. You closely miss the gnoll. You hit the gnoll.
You claw the gnoll.
The gnoll is moderately wounded.
The gnoll hits you but does no damage.
You hit the gnoll.
The gnoll is severely wounded.
The gnoll closely misses you. The gnoll hits you with a +0 flail!
You hit the gnoll.
You kill the gnoll!
You feel better.
You have reached level 4!
You hit the gnoll.
The gnoll is moderately wounded.
The gnoll barely misses you.
You hit the gnoll.
The gnoll is severely wounded.
The gnoll hits you with a +0 flail.
You hit the gnoll but do no damage.
The gnoll is severely wounded.
The gnoll hits you but does no damage.
You barely miss the gnoll.
The gnoll is severely wounded.
The gnoll barely misses you.
The gnoll shouts!
You hit the gnoll but do no damage.
The gnoll is severely wounded.
The gnoll hits you with a +0 flail!
* * * LOW HITPOINT WARNING * * *
You hit the gnoll.
The gnoll is almost dead.
The gnoll hits you but does no damage. The gnoll hits you with a +0 flail!
You die...

#....................
#........##...........
#........##............
#........##.............
#........#...#######
#..(.....#.#.#######..
##########....).......
#.......######.##
#.#####gg@.......
#g###.##.#.
#...<..........
.####.#.#g#.#.# #.#.....
.. # ... ..g ..
##..g...# # .# g..# .#
...#


You could see 3 gnolls.

Vanquished Creatures
  A gnoll (D:2)
  2 dart slugs
  6 ball pythons
  6 endoplasms
  9 goblins
  2 hobgoblins
  A quokka (D:1)
  4 bats
  A frilled lizard (D:1)
  4 kobolds
  7 rats
43 creatures vanquished.

Vanquished Creatures (others)
  A plant (D:1)
1 creature vanquished.

Grand Total: 44 creatures vanquished

Notes
Turn   | Place    | Note
-------+----------+-------------------------------------------
     0 | D:1      | Ajdolov the Ghoul Monk began the quest for the Orb.
     0 | D:1      | Reached XP level 1. HP: 19/19 MP: 0/0
   273 | D:1      | Reached skill level 3 in Axes
   286 | D:1      | Reached XP level 2. HP: 5/26 MP: 1/1
   979 | D:1      | Reached XP level 3. HP: 29/31 MP: 2/2
  1045 | D:1      | Found a faded altar of an unknown god.
  1715 | D:2      | Reached skill level 4 in Axes
  1945 | D:2      | Reached XP level 4. HP: 18/38 MP: 3/3
  1950 | D:2      | Slain by a gnoll

Illustrated notes

Levels and vault maps discovered:
D:1:      arrival_zaba_pyramid, layout_loops_corners,
          shapermc_ecumenical_altar_mp_urbaneastern, minmay_tromino_mix6
D:2:      layout_basic

Skill      XL: |  1  2  3 |
---------------+----------+-----
Axes           | 3 4 |  4.4
Fighting       | |  3.2
Dodging        | |  2.6
Stealth        | |  2.1

Action                   |  1- 3 |  4- 6 || total
-------------------------+-------+-------++-------
Melee: Hand axe          |   106 |     6 ||   112
       Punch             |     3 |       ||     3
 Stab: Sleeping          |     1 |       ||     1
Armor: Robe              |     7 |       ||     7
       Scale mail        |     4 |       ||     4
       Chain mail        |    23 |     2 ||    25
Dodge: Dodged            |    37 |     2 ||    39

Table legend: (Time is in decaauts)
 A = Elapsed time spent in this place.
 B = Non-inter-level travel time spent in this place.
 C = Inter-level travel time spent in this place.
 D = Time resting spent in this place.
 E = Time spent auto-exploring this place.
 F = Levels seen in this place.
 G = Mean time per level.
                   A        B        C        D        E       F      G
               +--------+--------+--------+--------+--------+-----+--------+
         Total |   1962 |   1913 |     49 |      0 |   1591 |   2 |  981.0 |
       Dungeon |   1962 |   1913 |     49 |      0 |   1591 |   2 |  981.0 |
               +--------+--------+--------+--------+--------+-----+--------+

Top non-repeatable levels by time:
     D:1: 1662 daAuts
     D:2: 300 daAuts
